 Dungeon Crawl Stone Soup version 0.30-a0-845-g7c6808c8ce (webtiles) character file.

Game seed: 17577162760550319598

84 greenreed the Magician (level 4, -9/21 HPs)
             Began as a Spriggan Earth Elementalist on Mar 2, 2023.
             Killed by divine providence
             ... invoked by an orc priest
              (16 damage)
             ... on level 3 of the Dungeon.
             The game lasted 00:06:46 (2546 turns).

greenreed the Magician (SpEE)                       Turns: 2546, Time: 00:06:47

Health: -9/21      AC:  3    Str:  4    XL:     4   Next: 24%
Magic:  5/11       EV: 17    Int: 18    God:
Gold:   191        SH:  0    Dex: 15    Spells: 10/11 levels left

rFire   . . .      SeeInvis +    (weapon restricted)
rCold   . . .      Faith    .    (no shield)
rNeg    . . .      Spirit   .    a - +0 robe
rPois   .          Reflect  .    (helmet restricted)
rElec   .          Rampage  .    m - +0 cloak
rCorr   .                        (gloves unavailable)
Will    .....                    (boots unavailable)
Stlth   ++                       (no amulet)
HPRegen 0.23/turn                (no ring)
MPRegen 0.12/turn                (no ring)

@: very quick
A: very small, no large weapons, unfitting armour, see invisible, speed 3
a: no special abilities


You were on level 3 of the Dungeon.
You visited 1 branch of the dungeon, and saw 3 of its levels.

You collected 211 gold pieces.
You spent 20 gold pieces at shops.

Inventory:

Missiles
 l - 5 boomerangs of dispersal
Armour
 a - a +0 robe (worn)
 m - a +0 cloak (worn)
Wands
 h - a wand of paralysis (11)
Scrolls
 c - 2 scrolls of fog {unknown}
 d - a scroll of identify
 e - a scroll of blinking {unknown}
 j - a scroll of teleportation {unknown}
 n - a scroll of silence {unknown}
 o - a scroll of fear {unknown}
Potions
 b - a potion of magic
 f - a potion of curing {unknown}
 g - 3 potions of attraction {unknown}
 i - a potion of resistance {unknown}
 k - a potion of heal wounds {unknown}


   Skills:
 + Level 3.1 Dodging
 + Level 3.2 Stealth
 * Level 4.3 Spellcasting
 + Level 1.5 Transmutations
 * Level 3.6 Earth Magic


You had 10 spell levels left.
You knew the following spells:

 Your Spells              Type           Power      Damage    Failure   Level
a - Sandblast             Erth           32%        2d9       3%          1

Your spell library contained the following spells:

 Spells                   Type           Power      Damage    Failure   Level
 Passwall                 Tmut/Erth      10%        N/A       8%          2
 Stone Arrow              Conj/Erth      20%        3d8       21%         3
 Static Discharge         Conj/Air       6%         2-3/arc   22%         2
 Vhi's Electric Charge    Tloc/Air       6%         N/A       41%         3
 Petrify                  Tmut/Erth      13%        N/A       45%         4
 Arcjolt                  Conj/Air       1%         1d11      99%         5
 Lightning Bolt           Conj/Air       1%         1d12      99%         5


Dungeon Overview and Level Annotations

Branches:
Dungeon (3/15)

Altars:

Shops:
D:1 *[:(*   D:2 :


Innate Abilities, Weirdness & Mutations

You are very small and have problems with some larger weapons.
You are too small for most types of armour.
You have supernaturally acute eyesight. (SInv)
You cover ground extremely quickly. (Speed+++)


Message History

You now have 191 gold pieces (gained 9).
You open the door.
There is an open door here.
A kobold comes into view. It is wielding a +0 dagger.
A kobold is nearby!
Found a stone staircase leading down.
The kobold shouts!
You can't see any susceptible monsters within range! (Use Z to cast anyway.)
The blast of sand hits the kobold.
You kill the kobold!
You open the door.
An orc priest and an orc come into view.
An orc comes into view. It is wielding a +0 short sword.
The orc shouts!
A hobgoblin comes into view.
There is an open door here.
You can't see any susceptible monsters within range! (Use Z to cast anyway.)
The orc priest shouts!
The hobgoblin shouts!
The blast of sand misses the orc priest.
The orc shouts!
The orc priest calls down the wrath of Beogh upon you.
Pain shoots through your body!
The blast of sand hits the orc priest.
The orc priest is moderately wounded.
The blast of sand hits the orc.
The orc is lightly wounded.
There is an open door here.
The blast of sand hits the hobgoblin!
You kill the hobgoblin!
The blast of sand misses the orc priest.
The blast of sand misses the orc priest.
The orc priest casts a cantrip, but nothing happens.
The blast of sand hits the orc priest!
The orc priest is almost dead.
The orc priest hits you with a +0 whip. The orc hits you with a +0 falchion!
The orc priest hits you with a +0 whip.
The orc priest calls down the wrath of Beogh upon you.
Beogh smites you!
Ouch! That really hurt!
You die...

#.......# #...# #.......#
#...# #.......# ## #...#
#.......# #. #...# #.......#
#.. #...# ##.......#######
#... #...# #...............
##...##..o####....###........
....)....o..@'....+.'........
..>....†######....###........
....###'########### #........
.............# #......##
######.......# #......##
.....oo....# #......##
#.##....###.# #####......## #
#....# ...........#### ......
###.###.#.# #


You could see an orc priest and an orc.

Vanquished Creatures
  A worm (D:2)
  A dart slug (D:1)
  An orc (D:2)
  4 bats
  An endoplasm (D:2)
  A giant cockroach (D:1)
  5 goblins
  7 hobgoblins
  24 jackals
  4 kobolds
  7 quokkas
  4 frilled lizards
60 creatures vanquished.

Notes
Turn   | Place    | Note
-------+----------+-------------------------------------------
     0 | D:1      | greenreed the Spriggan Earth Elementalist began the quest
                  | for the Orb.
     0 | D:1      | Reached XP level 1. HP: 9/9 MP: 5/5
    83 | D:1      | Reached skill level 3 in Spellcasting
    94 | D:1      | Found Ukecruunk's Antique Weapon Shop.
   157 | D:1      | Reached XP level 2. HP: 10/13 MP: 2/7
   260 | D:1      | Found Hejugg's General Store.
   388 | D:1      | Reached XP level 3. HP: 14/16 MP: 0/9
   534 | D:1      | Found Xezodd's Book Emporium.
   654 | D:1      | Found Zeirukuf's Armour Boutique.
   677 | D:1      | Bought a scroll of identify for 20 gold pieces
   884 | D:1      | Found Rizext's General Store.
  1123 | D:2      | Reached skill level 4 in Spellcasting
  1441 | D:2      | Reached XP level 4. HP: 18/21 MP: 3/11
  1619 | D:2      | Identified the +3 sling "Lott" {antimagic, rF+ Int+3 Dex+4
                  | Stlth+}
  2081 | D:2      | Found Icisisao's Book Boutique.
  2263 | D:3      | HP: 1/21 [orc/+0 short sword (4)]
  2546 | D:3      | Killed from afar by an orc priest

Illustrated notes

Levels and vault maps discovered:
D:1:      elethiomel_arrival_shortcut, layout_basic, serial_shops, shop,
          nicolae_diamond_shop, shop_statue, nicolae_diamond_shop, shop
D:2:      layout_basic, serial_shops, shop_coins, kennysheep_generic_room_14
D:3:      layout_basic, minmay_misc_feat_roman

Skill      XL: |  1  2  3 |
---------------+----------+-----
Spellcasting   | 3 4 |  4.3
Earth Magic    | 3 |  3.6
Dodging        | 3 |  3.1
Stealth        | |  3.2
Transmutations | |  1.5

Action                     |  1- 3 |  4- 6 || total
---------------------------+-------+-------++-------
  Melee: Unarmed           |    22 |       ||    22
   Cast: Sandblast         |    69 |    53 ||   122
 Armour: Robe              |    11 |     5 ||    16
  Dodge: Dodged            |    72 |    32 ||   104

Table legend: (Time is in decaauts)
 A = Elapsed time spent in this place.
 B = Non-inter-level travel time spent in this place.
 C = Inter-level travel time spent in this place.
 D = Time resting spent in this place.
 E = Time spent auto-exploring this place.
 F = Levels seen in this place.
 G = Mean time per level.
                   A        B        C        D        E       F      G
               +--------+--------+--------+--------+--------+-----+--------+
         Total |   2051 |   2001 |     50 |     76 |   1498 |   3 |  683.7 |
       Dungeon |   2051 |   2001 |     50 |     76 |   1498 |   3 |  683.7 |
               +--------+--------+--------+--------+--------+-----+--------+

Top non-repeatable levels by time:
     D:2: 960 daAuts
     D:1: 952 daAuts
     D:3: 137 daAuts
